 Dungeon Crawl Stone Soup version 0.30.0-29-ga12c61a403 (webtiles) character file.

Game seed: 7611245086307651690

181 qw the Chopper (level 5, -1/48 HPs)
             Began as a Gargoyle Fighter on June 3, 2023.
             Slain by Edmund
             ... wielding a +2 flail of protection
              (6 damage)
             ... on level 4 of the Dungeon.
             The game lasted 00:01:49 (3018 turns).

qw the Chopper (Gargoyle Fighter)                   Turns: 3018, Time: 00:01:50

Health: -1/48      AC: 22    Str: 21    XL:     5   Next: 61%
Magic:  5/5        EV:  2    Int:  9    God:
Gold:   134        SH:  4    Dex:  9    Spells: 4/4 levels left

rFire   + . .        Y - +0 war axe
rCold   . . .        c - +0 buckler
rNeg    + . .        f - melded +0 chain mail
rPois   inf          (helmet currently unavailable)
rElec   .            e - melded +0 cloak
rCorr   .            (gloves currently unavailable)
SInv    .            (boots currently unavailable)
Will    .....        (no amulet)
Stlth   +            p - ring of protection from fire
HPRegen 0.28/turn    (no ring)
MPRegen 0.09/turn

%: no passive effects
@: tree-form (expiring)
A: stationary, stasis, torment immunity, boosted hp, sickness immunity, AC +4,
negative energy resistance 1, (electricity resistance), torment resistance 1,
petrification resistance
a: no special abilities


You were on level 4 of the Dungeon.
You were a tree.
You visited 1 branch of the dungeon, and saw 4 of its levels.

You collected 134 gold pieces.


Innate Abilities, Weirdness & Mutations

You are a tree.
Your roots penetrate the ground, keeping you stationary.
You cannot be teleported.
You are immune to unholy pain and torment.
Your maximum health is greatly increased.
Your equipment is partially melded.
You are immune to sickness and miasma.
((Your stone body is resilient. (AC +4)))
You are immune to poison.
You resist negative energy. (rN+)
((You are resistant to electric shocks. (rElec)))
You are resistant to unholy torment.
You are immune to petrification.


   Skills:
 + Level 3.3 Fighting
 - Level 5.1 Axes
 - Level 3.2 Armour
 - Level 3.2 Shields


You had 4 spell levels left.
You didn't know any spells.
Your spell library was empty.

Inventory:

Hand Weapons
 a - a +0 flail
 Y - a +0 war axe (weapon)
Armour
 c - a +0 buckler (worn)
 e - a +0 cloak (melded)
 f - a +0 chain mail (melded)
Jewellery
 p - a ring of protection from fire (left branch)
Scrolls
 l - a scroll of teleportation
Potions
 b - a potion of ambrosia {unknown}
 d - 3 potions of might
 g - a potion of resistance {unknown}
 h - a potion of degeneration {unknown}
 i - a potion of mutation {unknown}
 j - a potion of lignification {unknown}
 k - a potion of curing
 m - a potion of brilliance {unknown}

Dungeon Overview and Level Annotations

Branches:
Dungeon (4/15)
 Temple: D:4-7

Altars:
Ashenzari
Okawaru
Ru
Wu Jian
Xom

Shops:
D:3 [

Annotations:
D:4 Edmund


Message History

You hit Edmund.
Edmund is lightly wounded.
Edmund zaps a wand.
You turn into a tree.
Your +0 cloak melds into your body.
Your +0 chain mail melds into your body.
Your roots penetrate the ground.
You hit Edmund.
Edmund is lightly wounded.
Edmund hits you but does no damage.
You slash Edmund!
Edmund is moderately wounded.
Edmund hits you but does no damage.
Edmund hits you with a +2 flail of protection!
You barely miss Edmund.
Edmund is moderately wounded.
You block Edmund's attack.
You hit Edmund.
Edmund is heavily wounded.
Edmund hits you with a +2 flail of protection.
You hit Edmund.
Edmund is heavily wounded.
Edmund hits you but does no damage.
Edmund grinds his teeth, and then sighs.
You block Edmund's attack.
You hit Edmund.
Edmund is heavily wounded.
Edmund hits you but does no damage.
You hit Edmund.
Edmund is severely wounded.
Edmund hits you with a +2 flail of protection!
You barely miss Edmund.
Edmund is severely wounded.
Your transformation is almost over.
Edmund hits you but does no damage.
You closely miss Edmund.
Edmund is severely wounded.
Edmund hits you with a +2 flail of protection! x2
You closely miss Edmund.
Edmund is severely wounded.
Edmund hits you with a +2 flail of protection.
You die...

### ## ..# #.#..#
#.#..#7 #.....7
###.##.?...7
...........7
......#7#..#7
....#g@>....77
.g........>..7
_8_.#........77 ##.
._. #.........7.....
.. #...........# . #
#.......##### .....
..........# ......
#..........####.......


You could see Edmund and a goblin.

Vanquished Creatures
  An orc priest (D:3)
  An iguana (D:4)
  3 adders (D:2)
  3 dart slugs
  4 orcs
  5 ball pythons
  6 endoplasms
  7 giant cockroaches
  7 goblins
  12 hobgoblins
  2 jackals (D:3)
  9 kobolds
  7 quokkas
  6 bats
  2 frilled lizards (D:3)
  6 rats
  A butterfly (D:1)
82 creatures vanquished.

Notes
Turn   | Place    | Note
-------+----------+-------------------------------------------
     0 | D:1      | qw the Gargoyle Fighter began the quest for the Orb.
     0 | D:1      | Reached XP level 1. HP: 14/14 MP: 1/1
     0 | D:1      | 0 ||| qw: Version: 0.2-a-103-g5a998e5
     0 | D:1      | 0 ||| qw: Game counter: 1110
     0 | D:1      | 0 ||| qw: Always use a shield: true
     0 | D:1      | 0 ||| qw: God list: Okawaru
     0 | D:1      | 0 ||| qw: Allow faded altars: false
     0 | D:1      | 0 ||| qw: Do Orc after D:15 true
     0 | D:1      | 0 ||| qw: Do second Lair branch before Depths: true
     0 | D:1      | 0 ||| qw: Lair rune preference: random
     0 | D:1      | 0 ||| qw: Plans: Normal, Zot:1-4, Slime:5, God:TSO, Crypt,
                  | Tomb, Pan, Hells, Abyss, Win
     0 | D:1      | 0 ||| PLANNING D:1-11
    23 | D:1      | 23 ||| Stepping ~*~*~tactically~*~*~ (stealth).
    33 | D:1      | Reached skill level 2 in Axes
    50 | D:1      | Found a faded altar of an unknown god.
    70 | D:1      | Reached XP level 2. HP: 16/19 MP: 2/2
   189 | D:1      | 189 ||| DROPPING +0 club.
   197 | D:1      | 197 ||| Stepping ~*~*~tactically~*~*~ (hiding).
   320 | D:1      | Reached skill level 3 in Axes
   321 | D:1      | Reached XP level 3. HP: 23/23 MP: 3/3
   326 | D:1      | 326 ||| Stepping ~*~*~tactically~*~*~ (stealth).
   341 | D:1      | 341 ||| Stepping ~*~*~tactically~*~*~ (stealth).
   535 | D:1      | 535 ||| UPGRADING to +0 cloak.
   540 | D:1      | 540 ||| READING scroll labelled VENLOAJEAH.
   541 | D:1      | 541 ||| READING scroll labelled PUEX AJIUWN.
   821 | D:2      | Reached XP level 4. HP: 28/28 MP: 4/4
  1012 | D:2      | Reached skill level 4 in Axes
  1494 | D:2      | 1494 ||| DROPPING ring of flight.
  1495 | D:2      | 1495 ||| READING scroll labelled IDEUMEP BEPO.
  1514 | D:2      | 1514 ||| READING scroll labelled BUTUOD DEOHETOIJIE.
  1515 | D:2      | 1515 ||| READING scroll labelled ALAETOMOEB.
  1610 | D:3      | 1610 ||| FLEEEEING.
  1611 | D:3      | 1611 ||| FLEEEEING.
  1612 | D:3      | 1612 ||| FLEEEEING.
  1613 | D:3      | 1613 ||| FLEEEEING.
  1614 | D:3      | 1614 ||| FLEEEEING.
  1615 | D:3      | 1615 ||| FLEEEEING.
  1616 | D:3      | 1616 ||| FLEEEEING.
  1617 | D:3      | 1617 ||| FLEEEEING.
  1618 | D:3      | 1618 ||| FLEEEEING.
  1619 | D:3      | 1619 ||| FLEEEEING.
  1620 | D:3      | 1620 ||| FLEEEEING.
  1620 | D:3      | HP: 5/28 [orc priest/divine providence (14)]
  1621 | D:3      | 1621 ||| FLEEEEING.
  1622 | D:3      | 1622 ||| FLEEEEING.
  1623 | D:3      | 1623 ||| FLEEEEING.
  1624 | D:3      | 1624 ||| FLEEEEING.
  1626 | D:3      | 1626 ||| FLEEEEING.
  1627 | D:3      | 1627 ||| FLEEEEING.
  1628 | D:3      | 1628 ||| FLEEEEING.
  1629 | D:3      | 1629 ||| FLEEEEING.
  1630 | D:3      | 1630 ||| FLEEEEING.
  1632 | D:3      | 1632 ||| FLEEEEING.
  1633 | D:3      | 1633 ||| FLEEEEING.
  1634 | D:3      | 1634 ||| FLEEEEING.
  1635 | D:3      | 1635 ||| FLEEEEING.
  1636 | D:3      | 1636 ||| STAIRDANCE
  1762 | D:3      | 1762 ||| FLEEEEING.
  1763 | D:3      | 1763 ||| FLEEEEING.
  1764 | D:3      | 1764 ||| STAIRDANCE
  1818 | D:3      | 1818 ||| STAIRDANCE
  1849 | D:3      | 1849 ||| DROPPING +0 whip.
  1941 | D:3      | Reached XP level 5. HP: 32/32 MP: 5/5
  1962 | D:3      | 1962 ||| Stepping ~*~*~tactically~*~*~ (stealth).
  2132 | D:3      | Found Hasonyoth's Armour Shoppe.
  2157 | D:3      | 2157 ||| SHOPLISTING +1 fire dragon scales (938 gold, have
                  | 60).
  2157 | D:3      | 2157 ||| SHOPLISTING +1 plate armour of cold resistance
                  | (490 gold, have 60).
  2157 | D:3      | 2157 ||| SHOPLISTING +5 ring mail of Past Mistakes {rCorr}
                  | (582 gold, have 60).
  2234 | D:3      | Found a sacrificial altar of Ru.
  2522 | D:3      | Found a broken altar of Ashenzari.
  2849 | D:3      | 2849 ||| UPGRADING to +0 chain mail.
  2859 | D:3      | 2859 ||| DROPPING +0 scale mail.
  2860 | D:3      | 2860 ||| UPGRADING to ring of protection from fire.
  2861 | D:3      | 2861 ||| READING scroll labelled RIESYUTAUS.
  2862 | D:3      | 2862 ||| READING scroll labelled KUNUCRE UBIUKH.
  2863 | D:3      | 2863 ||| DRINKING 2 red potions.
  2891 | D:4      | 2891 ||| PLANNING SEWER
  2916 | D:4      | Reached skill level 5 in Axes
  2999 | D:4      | Found a shimmering altar of Xom.
  3000 | D:4      | Found an ornate altar of the Wu Jian Council.
  3000 | D:4      | Noticed Edmund
  3001 | D:4      | Found an iron altar of Okawaru.
  3002 | D:4      | 3002 ||| Stepping ~*~*~tactically~*~*~ (hiding).
  3004 | D:4      | 3004 ||| Stepping ~*~*~tactically~*~*~ (stealth).
  3017 | D:4      | HP: 11/48 [Edmund/+2 flail of protection (10)]
  3017 | D:4      | HP: 4/48 [Edmund/+2 flail of protection (7)]
  3018 | D:4      | Slain by Edmund

Levels and vault maps discovered:
D:1:      spicycebolla_arrival_clurvy, layout_rooms,
          chequers_ecumenical_altar_simple
D:2:      layout_basic
D:3:      minmay_thinvault, layout_basic, nicolae_ru_the_path_less_chosen,
          mainiacjoe_overflow_surrounded_room, serial_shops, shop
D:4:      layout_rooms, chequers_temple_overflow_statue_of_worship,
          minmay_temple_entry_large_hall, lightli_sewer_entry_pipes,
          minmay_misc_feat_cross, grunt_decor_arrowhead, hellmonk_no_cap,
          uniq_edmund

Skill      XL: |  1  2  3  4  5 |
---------------+----------------+-----
Axes           | 2 3 4 5 |  5.1
Fighting       | |  3.3
Armour         | |  3.2
Shields        | |  3.2

Action                     |  1- 3 |  4- 6 || total
---------------------------+-------+-------++-------
  Melee: War axe           |   102 |   156 ||   258
    Use: Scroll            |     2 |     5 ||     7
         Potion            |       |     1 ||     1
 Armour: Scale mail        |    57 |    62 ||   119
         Chain mail        |       |     8 ||     8
         Skin              |       |     5 ||     5
  Dodge: Dodged            |    50 |    55 ||   105
  Block: Buckler           |    15 |    25 ||    40

Table legend:
 A = Non-vault XP
 B = Vault XP
 C = Vault XP percentage of total XP
 D = Non-vault monster count
 E = Vault monster count
 F = Vault count percentage of total count
                 A         B        C        D         E       F
            +---------+---------+-------+---------+---------+-------
      Total |     234 |      25 |   9.7 |      67 |      14 |  17.3
            +---------+---------+-------+---------+---------+-------
        D:1 |      42 |       0 |   0.0 |      23 |       0 |   0.0
        D:2 |      64 |       0 |   0.0 |      18 |       0 |   0.0
        D:3 |      81 |      25 |  23.6 |      21 |      14 |  40.0
        D:4 |      47 |       0 |   0.0 |       5 |       0 |   0.0
            +---------+---------+-------+---------+---------+-------
